Map: [ESL] Cosmic Sapphire

Players

Bly

  • Race: Zerg Zerg
  • Spawn Location: 11:00

ShoWTimE - Winner!

  • Race: Protoss Protoss
  • Spawn Location: 5:00

Event: DreamHack SC2 Masters 2022 Atlanta (Online)

VOD

Have the link to the VOD?

Description

Time

  • Played on: Sept. 28, 2022, 1:19 p.m.
  • Length: 8:49

All games in this series

Show
View Real Time Build Order
Export as new Build Order

Bly Zerg 

Build Orders: 3 Hatch before Pool 

Get SALT Encoding   

  12  0:00  Drone  
  13  0:12  Overlord  
  13  0:18  Drone  
  14  0:30  Drone x2  
  16  0:48  Drone  
  17  0:57  Hatchery  
  17  1:01  Drone x2  
  18  1:21  Evolution Chamber  
  18  1:22  Hatchery  
  17  1:26  Extractor  
  17  1:27  Spawning Pool  
  17  1:30  Drone  
  16  1:33  Drone  
  16  1:37  Drone  
  18  1:41  Drone  
  19  1:54  Overlord  
  19  2:16  Queen  
  19  2:17  Zergling x4  
  23  2:24  Zergling x2  
  24  2:30  Metabolic Boost  
  24  2:34  Queen  
  24  2:35  Zergling x2  
  27  2:46  Zergling x4  
  29  2:51  Hatchery  
  29  2:55  Zergling x2  
  28  3:02  Zergling x2  
  28  3:03  Overlord  
  29  3:09  Zergling x2  
  30  3:23  Drone x2  
  32  3:28  Drone  
  31  3:42  Hatchery  
  31  3:45  Zergling x6  
  31  4:05  Drone x5  
  34  4:13  Drone  
  32  4:24  Drone  
  31  4:33  Drone x2  
  31  4:35  Spore Crawler  
  31  4:37  Queen  
  31  4:38  Queen  
  34  4:39  Spore Crawler  
  34  4:42  Drone x2  
  34  4:43  Drone x2  
  39  4:57  Drone x5  
  39  5:07  Drone  
  39  5:11  Spore Crawler  
  39  5:12  Queen  
  41  5:17  Evolution Chamber  
  40  5:23  Drone, Extractor  
  40  5:24  Extractor  
  39  5:31  Drone x6  
  45  5:43  Drone x2  
  49  5:52  Zerg Melee Weapons Level 1  
  49  5:55  Overlord x2  
  48  6:06  Zergling x2  
  48  6:11  Overlord x2  
  49  6:12  Lair  
  49  6:20  Zergling x2  
  49  6:21  Zergling x8  
  49  6:25  Zergling x4  
  56  6:27  Zergling x2  
  56  6:29  Zergling x2  
  56  6:44  Drone x5  
  60  6:50  Hatchery  
  60  6:51  Roach Warren  
  60  6:52  Zergling x8  
  62  7:04  Hatchery  
  61  7:09  Drone x5  
  61  7:10  Extractor  
  61  7:11  Extractor  
  61  7:12  Extractor  
  62  7:21  Drone x5  
  67  7:32  Spore Crawler  
  67  7:35  Overlord x2  
  67  7:36  Overlord x2  
  66  7:42  Spore Crawler  
  65  7:46  Roach  
  67  7:56  Roach  
  67  7:57  Roach x5  
  79  8:06  Roach  
  79  8:07  Ravager  
  78  8:13  Roach x6  
  86  8:21  Ravager  
  86  8:22  Ravager  
  86  8:25  Roach x2  
Show
View Real Time Build Order
Export as new Build Order

ShoWTimE Protoss - Winner!

Build Orders: Oracle Opening 

Get SALT Encoding   

  12  0:00  Probe  
  13  0:12  Probe  
  14  0:19  Pylon  
  14  0:24  Probe  
  15  0:37  Probe (Chrono Boost)  
  15  0:39  Gateway  
  16  0:46  Probe (Chrono Boost), Assimilator  
  17  0:51  Probe (Chrono Boost)  
  18  1:03  Probe  
  19  1:07  Gateway  
  19  1:15  Probe  
  20  1:25  Zealot (Chrono Boost)  
  20  1:26  Cybernetics Core  
  20  1:30  Pylon  
  22  1:33  Probe  
  23  1:43  Assimilator  
  23  1:47  Zealot (Chrono Boost)  
  26  1:54  Pylon  
  25  2:04  Warp Gate  
  27  2:10  Adept (Chrono Boost)  
  27  2:12  Adept (Chrono Boost)  
  27  2:13  Shield Battery  
  29  2:19  Probe  
  30  2:23  Shield Battery  
  30  2:32  Adept  
  32  2:40  Adept  
  34  2:45  Pylon  
  34  2:54  Pylon  
  34  3:03  Stargate  
  34  3:10  Probe  
  31  3:32  Nexus  
  31  3:33  Probe  
  33  3:50  Shield Battery  
  33  3:52  Sentry  
  32  3:57  Oracle (Chrono Boost)  
  32  4:02  Probe  
  34  4:04  Adept  
  34  4:14  Probe  
  34  4:16  Adept  
  35  4:22  Pylon  
  35  4:26  Probe  
  35  4:27  Adept  
  36  4:31  Oracle (Chrono Boost)  
  39  4:43  Probe (Chrono Boost)  
  40  4:46  Probe (Chrono Boost)  
  42  4:56  Probe (Chrono Boost)  
  42  4:57  Probe (Chrono Boost)  
  43  5:01  Probe (Chrono Boost)  
  43  5:02  Oracle  
  43  5:04  Probe  
  48  5:12  Probe  
  48  5:13  Robotics Facility  
  49  5:16  Probe  
  50  5:25  Probe (Chrono Boost), Pylon  
  51  5:31  Assimilator  
  51  5:33  Probe (Chrono Boost), Assimilator  
  53  5:37  Adept, Probe (Chrono Boost)  
  53  5:38  Adept  
  53  5:42  Probe (Chrono Boost)  
  58  5:43  Probe (Chrono Boost)  
  59  5:51  Probe  
  59  5:53  Probe  
  61  6:03  Warp Prism (Chrono Boost), Probe  
  62  6:05  Probe  
  65  6:12  Stalker x2  
  65  6:15  Probe  
  65  6:16  Pylon  
  70  6:18  Gateway  
  70  6:25  Gateway  
  70  6:34  Gateway, Probe x2  
  72  6:41  Sentry x2  
  72  6:46  Probe  
  77  6:50  Gateway  
  77  6:52  Gateway x2  
  77  6:54  Gateway  
  77  6:59  Observer  
  78  7:07  Pylon  
  78  7:20  Pylon  
  78  7:21  Pylon  
  78  7:27  Pylon  
  78  7:28  Sentry x3  
  78  7:29  Stalker  
  86  7:32  Pylon  
  86  7:38  Pylon  
  86  7:39  Stalker  
  88  7:51  Adept  
  89  7:54  Stalker x7  
  103  8:19  Stalker x4  
  111  8:20  Stalker  
  109  8:35  Stalker x4  
  98  8:47  Stalker  
Tags
 
Add a new tag
Caveats
  • Supply blocks, unpowered buildings, or Contaminate may cause inaccurate times.
  • Supply counts are checked every 10 seconds.